| TOP OF THE 1ST |
|
California Angels batting - Pitching for Detroit Tigers : LHP Bobby Jones
|
|
Pitching: LHP Bobby Jones
|
|
|
Batting: RHB Alain Delhaye
|
0-0: Ball 1-0: Fly out, F7 (Flyball, 7D, EV 86.2 MPH)
|
|
Batting: RHB Nick Dunn
|
0-0: Foul Ball, location: 2F 0-1: Hit by Pitch
|
|
Batting: LHB Mark Reeg
|
0-0: Called Strike 0-1: Called Strike 0-2: Ball 1-2: Ball 2-2: Fly out, F5 (Popup, 6, EV 55.0 MPH)
|
|
Batting: RHB Preston Deakyne
|
0-0: Swinging Strike 0-1: Ball 1-1: Fielders Choice at 2nd, U4 (Groundball, 4M, EV 88.1 MPH)
|
| Top of the 1st over - 0 runs, 0 hits, 0 errors, 1 left on base; California 0 - Detroit 0 |
| BOTTOM OF THE 1ST |
|
Detroit Tigers batting - Pitching for California Angels : LHP Jeff Baker
|
|
Pitching: LHP Jeff Baker
|
|
|
Batting: RHB Andres Leon
|
0-0: Ground out 4-3 (Groundball, 4, EV 109.4 MPH)
|
|
Batting: RHB Chris Wheatley
|
0-0: Ball 1-0: Swinging Strike 1-1: Swinging Strike 1-2: Ball 2-2: Strikes out looking
|
|
Batting: RHB Victor Quinones
|
0-0: Ball 1-0: Foul Ball, location: 2F 1-1: Swinging Strike 1-2: Strikes out swinging
|
| Bottom of the 1st over - 0 runs, 0 hits, 0 errors, 0 left on base; California 0 - Detroit 0 |
| TOP OF THE 2ND |
|
California Angels batting - Pitching for Detroit Tigers : LHP Bobby Jones
|
|
Batting: RHB Bjoern Waltersson
|
0-0: Ball 1-0: Foul Ball, location: 2F 1-1: SINGLE (Groundball, 6D, EV 95.0 MPH)
|
|
Batting: RHB Avery Maxwell
|
0-0: Ball 1-0: Fly out, F7 (Flyball, 7LM, EV 106.2 MPH)
|
|
Batting: LHB Justin Alexander
|
0-0: Foul Ball, location: 2F 0-1: Foul Ball, location: 2F 0-2: Ball 1-2: DOUBLE (Line Drive, 8LXD, EV 100.6 MPH) Bjoern Waltersson to third
|
|
Batting: LHB Javier Trujillo
|
0-0: Ball 1-0: Ball 2-0: Called Strike 2-1: Swinging Strike 2-2: Ball 3-2: 3-RUN HOME RUN (Flyball, 9D, EV 104.4 MPH), Distance : 407 ft
|
|
Batting: LHB Jonathon Walton
|
0-0: Ball 1-0: Ground out 6-3 (Groundball, 6, EV 100.0 MPH)
|
|
Batting: RHB Alain Delhaye
|
0-0: Called Strike 0-1: Ball 1-1: Ball 2-1: Ball 3-1: Foul Ball, location: 2F 3-2: Ground out 6-3 (Groundball, 6, EV 91.9 MPH)
|
| Top of the 2nd over - 3 runs, 3 hits, 0 errors, 0 left on base; California 3 - Detroit 0 |
| BOTTOM OF THE 2ND |
|
Detroit Tigers batting - Pitching for California Angels : LHP Jeff Baker
|
|
Batting: LHB Dave Carlisle
|
0-0: Ball 1-0: Foul Ball, location: 2F 1-1: Swinging Strike 1-2: Ball 2-2: Strikes out swinging
|
|
Batting: SHB Ross Holland
|
0-0: Called Strike 0-1: Swinging Strike 0-2: Strikes out swinging
|
|
Batting: RHB Dan Friess
|
0-0: Ball 1-0: Swinging Strike 1-1: Called Strike 1-2: Ball 2-2: Foul Ball, location: 2F 2-2: Fly out, F9 (Flyball, 9, EV 91.9 MPH)
|
| Bottom of the 2nd over - 0 runs, 0 hits, 0 errors, 0 left on base; California 3 - Detroit 0 |
| TOP OF THE 3RD |
|
California Angels batting - Pitching for Detroit Tigers : LHP Bobby Jones
|
|
Batting: RHB Nick Dunn
|
0-0: Called Strike 0-1: Swinging Strike 0-2: Fly out, F8 (Flyball, 8RD, EV 101.9 MPH)
|
|
Batting: LHB Mark Reeg
|
0-0: Called Strike 0-1: Swinging Strike 0-2: TRIPLE (Flyball, 9LD, EV 100.0 MPH)
|
|
Batting: RHB Preston Deakyne
|
0-0: Swinging Strike 0-1: Called Strike 0-2: Strikes out swinging
|
|
Batting: RHB Bjoern Waltersson
|
0-0: Ball 1-0: Foul Ball, location: 2F 1-1: Ball 2-1: Fly out, F7 (Flyball, 78D, EV 97.5 MPH)
|
| Top of the 3rd over - 0 runs, 1 hit, 0 errors, 1 left on base; California 3 - Detroit 0 |
| BOTTOM OF THE 3RD |
|
Detroit Tigers batting - Pitching for California Angels : LHP Jeff Baker
|
|
Batting: LHB Morgan Black
|
0-0: Swinging Strike 0-1: Ball 1-1: Swinging Strike 1-2: Ball 2-2: Strikes out swinging
|
|
Batting: LHB Tyler Davis
|
0-0: Ball 1-0: Called Strike 1-1: Foul Ball, location: 2F 1-2: Strikes out looking
|
|
Batting: RHB Jerry Jauregui
|
0-0: Ball 1-0: Ball 2-0: Called Strike 2-1: Ball 3-1: Base on Balls
|
|
Batting: RHB Andres Leon
|
0-0: Swinging Strike 0-1: Swinging Strike 0-2: Strikes out looking
|
| Bottom of the 3rd over - 0 runs, 0 hits, 0 errors, 1 left on base; California 3 - Detroit 0 |
| TOP OF THE 4TH |
|
California Angels batting - Pitching for Detroit Tigers : LHP Bobby Jones
|
|
Batting: RHB Avery Maxwell
|
0-0: Ball 1-0: Ball 2-0: Ball 3-0: Base on Balls
|
|
Batting: LHB Justin Alexander
|
0-0: Called Strike 0-1: Ball 1-1: Fielders Choice at 2nd, 4-6 (Groundball, 34, EV 80.6 MPH)
|
|
Batting: LHB Javier Trujillo
|
0-0: Ball 1-0: Called Strike 1-1: Ball 2-1: Grounds out, U3 (Groundball, 3L, EV 101.9 MPH)
|
|
Batting: LHB Jonathon Walton
|
0-0: Fly out, F9 (Flyball, 89S, EV 88.1 MPH)
|
| Top of the 4th over - 0 runs, 0 hits, 0 errors, 1 left on base; California 3 - Detroit 0 |
| BOTTOM OF THE 4TH |
|
Detroit Tigers batting - Pitching for California Angels : LHP Jeff Baker
|
|
Batting: RHB Chris Wheatley
|
0-0: Foul Ball, location: 2F 0-1: Ball 1-1: Fly out, F6 (Line Drive, 6, EV 66.9 MPH)
|
|
Batting: RHB Victor Quinones
|
0-0: Called Strike 0-1: Called Strike 0-2: Strikes out swinging
|
|
Batting: LHB Dave Carlisle
|
0-0: Ball 1-0: Foul Ball, location: 2F 1-1: Foul Ball, location: 2F 1-2: Foul Ball, location: 2F 1-2: Ball 2-2: Foul Ball, location: 2F 2-2: Ball 3-2: Foul Ball, location: 2F 3-2: SINGLE (Groundball, 6S, EV 68.8 MPH) (infield hit)
|
|
Batting: SHB Ross Holland
|
0-0: Ball 1-0: Foul Ball, location: 2F 1-1: Foul Ball, location: 2F 1-2: SINGLE (Line Drive, 7LS, EV 106.2 MPH) Dave Carlisle to second Runner from 2nd tries for 3rd, SAFE, throw by LF made to third
|
|
Batting: RHB Dan Friess
|
0-0: Called Strike 0-1: Fly out, F9 (Flyball, 9S, EV 94.4 MPH)
|
| Bottom of the 4th over - 0 runs, 2 hits, 0 errors, 2 left on base; California 3 - Detroit 0 |
| TOP OF THE 5TH |
|
California Angels batting - Pitching for Detroit Tigers : LHP Bobby Jones
|
|
Batting: RHB Alain Delhaye
|
0-0: Ground out 6-3 (Groundball, 6, EV 83.8 MPH)
|
|
Batting: RHB Nick Dunn
|
0-0: Ball 1-0: Ball 2-0: Called Strike 2-1: Swinging Strike 2-2: Foul Ball, location: 2F 2-2: Ball 3-2: Fly out, F8 (Flyball, 89D, EV 108.1 MPH)
|
|
Batting: LHB Mark Reeg
|
0-0: Foul Ball, location: 2F 0-1: DOUBLE (Line Drive, 8LXD, EV 113.8 MPH)
|
|
Batting: RHB Preston Deakyne
|
0-0: Ball 1-0: Ground out 6-3 (Groundball, 6, EV 90.6 MPH)
|
| Top of the 5th over - 0 runs, 1 hit, 0 errors, 1 left on base; California 3 - Detroit 0 |
| BOTTOM OF THE 5TH |
|
Detroit Tigers batting - Pitching for California Angels : LHP Jeff Baker
|
|
Batting: LHB Morgan Black
|
0-0: SINGLE (Line Drive, 6D, EV 101.9 MPH)
|
|
Batting: LHB Tyler Davis
|
0-0: Grounds into double play, 5-6-3 (Groundball, 6, EV 87.5 MPH)
|
|
Batting: RHB Jerry Jauregui
|
0-0: SINGLE (Groundball, 4MD, EV 102.5 MPH)
|
|
Batting: RHB Andres Leon
|
0-0: Foul Ball, location: 2F 0-1: Foul Ball, location: 2F 0-2: Strikes out swinging
|
| Bottom of the 5th over - 0 runs, 2 hits, 0 errors, 1 left on base; California 3 - Detroit 0 |
| TOP OF THE 6TH |
|
California Angels batting - Pitching for Detroit Tigers : LHP Bobby Jones
|
|
Batting: RHB Bjoern Waltersson
|
0-0: Called Strike 0-1: Foul Ball, location: 2F 0-2: Foul Ball, location: 2F 0-2: Ball 1-2: Ball 2-2: Foul Ball, location: 2F 2-2: Foul Ball, location: 2F 2-2: TRIPLE (Line Drive, 89XD, EV 100.6 MPH)
|
|
Batting: RHB Avery Maxwell
|
0-0: Intentional Walk
|
|
Batting: LHB Justin Alexander
|
0-0: Fly out, F7 (Flyball, 7, EV 81.9 MPH)
|
|
Batting: LHB Javier Trujillo
|
0-0: Ground out 4-3 (Groundball, 34, EV 97.5 MPH) Bjoern Waltersson scores Avery Maxwell to second
|
|
Batting: LHB Jonathon Walton
|
0-0: Foul Ball, location: 2F 0-1: Called Strike 0-2: SINGLE (Line Drive, 56D, EV 101.9 MPH) Avery Maxwell to third Runner from 3rd tries for Home, SAFE, throw by LF to home
|
|
Batting: RHB Alain Delhaye
|
0-0: Swinging Strike 0-1: Hit by Pitch Jonathon Walton to second
|
|
Batting: RHB Nick Dunn
|
0-0: Foul Ball, location: 2F 0-1: Ball 1-1: Fielders Choice at 2nd, 6-4 (Groundball, 6, EV 90.0 MPH)
|
| Top of the 6th over - 2 runs, 2 hits, 0 errors, 2 left on base; California 5 - Detroit 0 |
| BOTTOM OF THE 6TH |
|
Detroit Tigers batting - Pitching for California Angels : LHP Jeff Baker
|
|
Batting: RHB Chris Wheatley
|
0-0: Ball 1-0: SOLO HOME RUN (Flyball, 78XD, EV 102.5 MPH), Distance : 408 ft
|
|
Batting: RHB Victor Quinones
|
0-0: Ball 1-0: Foul Ball, location: 2F 1-1: DOUBLE (Line Drive, 78D, EV 108.1 MPH)
|
|
Pinch Runner at 2nd Frank McConnell:
|
|
|
Batting: LHB Dave Carlisle
|
0-0: Ball 1-0: Foul Ball, location: 2F 1-1: Ball 2-1: Ground out 4-3 (Groundball, 4M, EV 96.9 MPH) Frank McConnell to third
|
|
Batting: SHB Ross Holland
|
0-0: Foul Ball, location: 2F 0-1: Foul Ball, location: 2F 0-2: Foul Ball, location: 2F 0-2: Foul Ball, location: 2F 0-2: Ball 1-2: Ball 2-2: Strikes out swinging
|
|
Batting: RHB Dan Friess
|
0-0: Called Strike 0-1: Ball 1-1: Ground out U3 (Groundball, 3S, EV 85.6 MPH)
|
| Bottom of the 6th over - 1 run, 2 hits, 0 errors, 1 left on base; California 5 - Detroit 1 |
| TOP OF THE 7TH |
|
California Angels batting - Pitching for Detroit Tigers : LHP Bobby Jones
|
|
Now in LF: Frank McConnell
|
|
|
Now in CF: Ross Holland
|
|
|
Batting: RHB Ryan Munro
|
0-0: Foul Ball, location: 2F 0-1: Fly out, F8 (Flyball, 78S, EV 90.6 MPH)
|
|
Batting: RHB Preston Deakyne
|
0-0: Ball 1-0: Called Strike 1-1: Foul Ball, location: 2F 1-2: Foul Ball, location: 2F 1-2: Ball 2-2: SINGLE (Line Drive, 7S, EV 85.0 MPH)
|
|
Pitching: RHP Cameron Maxwell
|
|
|
Batting: RHB Bjoern Waltersson
|
0-0: Ball 1-0: Foul Ball, location: 2F 1-1: Foul Ball, location: 2F 1-2: Grounds into double play, 4-6-3 (Groundball, 34S, EV 83.8 MPH)
|
| Top of the 7th over - 0 runs, 1 hit, 0 errors, 0 left on base; California 5 - Detroit 1 |
| BOTTOM OF THE 7TH |
|
Detroit Tigers batting - Pitching for California Angels : LHP Jeff Baker
|
|
Batting: LHB Morgan Black
|
0-0: Ball 1-0: Swinging Strike 1-1: Swinging Strike 1-2: Strikes out swinging
|
|
Batting: LHB Tyler Davis
|
0-0: Ball 1-0: Swinging Strike 1-1: Called Strike 1-2: Foul Ball, location: 2F 1-2: Ball 2-2: Fly out, F8 (Flyball, 8LS, EV 83.8 MPH)
|
|
Batting: RHB Jerry Jauregui
|
0-0: Ball 1-0: Ground out 6-3 (Groundball, 6, EV 101.9 MPH)
|
| Bottom of the 7th over - 0 runs, 0 hits, 0 errors, 0 left on base; California 5 - Detroit 1 |
| TOP OF THE 8TH |
|
California Angels batting - Pitching for Detroit Tigers : RHP Cameron Maxwell
|
|
Batting: RHB Avery Maxwell
|
0-0: Ground out 5-3 (Groundball, 56, EV 107.5 MPH)
|
|
Batting: LHB Justin Alexander
|
0-0: Foul Ball, location: 2F 0-1: Called Strike 0-2: Ball 1-2: Strikes out looking
|
|
Batting: LHB Javier Trujillo
|
0-0: Ball 1-0: Called Strike 1-1: Ground out U3 (Groundball, 23, EV 88.8 MPH)
|
| Top of the 8th over - 0 runs, 0 hits, 0 errors, 0 left on base; California 5 - Detroit 1 |
| BOTTOM OF THE 8TH |
|
Detroit Tigers batting - Pitching for California Angels : LHP Jeff Baker
|
|
Batting: RHB Andres Leon
|
0-0: Ball 1-0: Ball 2-0: Foul Ball, location: 2F 2-1: Swinging Strike 2-2: Foul Ball, location: 2F 2-2: Ball 3-2: Foul Ball, location: 2F 3-2: Strikes out swinging
|
|
Pitching: LHP George Poirier
|
|
|
Batting: RHB Chris Wheatley
|
0-0: Called Strike 0-1: Swinging Strike 0-2: Ball 1-2: Ball 2-2: Foul Ball, location: 2F 2-2: Ball 3-2: Strikes out swinging
|
|
Batting: LHB Frank McConnell
|
0-0: Called Strike 0-1: Swinging Strike 0-2: Ball 1-2: Ball 2-2: Foul Ball, location: 2F 2-2: Foul Ball, location: 2F 2-2: Strikes out swinging
|
| Bottom of the 8th over - 0 runs, 0 hits, 0 errors, 0 left on base; California 5 - Detroit 1 |
| TOP OF THE 9TH |
|
California Angels batting - Pitching for Detroit Tigers : RHP Cameron Maxwell
|
|
Batting: LHB Jonathon Walton
|
0-0: Ball 1-0: Called Strike 1-1: Ball 2-1: Foul Ball, location: 2F 2-2: Ball 3-2: Base on Balls
|
|
Batting: RHB Alain Delhaye
|
0-0: Foul Ball, location: 2F 0-1: Sac Bunt to 15 - play at first, batter safe! Jonathon Walton to second
|
|
Batting: RHB Nick Dunn
|
0-0: Ball 1-0: Fly out, F8 (Line Drive, 89D, EV 88.8 MPH) Runner from 2nd tags up, SAFE at 3rd, no throw by CF
|
|
Batting: RHB Ryan Munro
|
0-0: Called Strike 0-1: Fly out, F8 (Flyball, 8RM, EV 83.8 MPH) Runner from 3rd tags up, SCORES, throw by CF
|
|
Batting: RHB Preston Deakyne
|
0-0: Ball 1-0: Foul Ball, location: 2F 1-1: Fielders Choice at 2nd, 6-4 (Groundball, 6, EV 86.9 MPH)
|
| Top of the 9th over - 1 run, 1 hit, 0 errors, 1 left on base; California 6 - Detroit 1 |
| BOTTOM OF THE 9TH |
|
Detroit Tigers batting - Pitching for California Angels : LHP George Poirier
|
|
Batting: LHB Dave Carlisle
|
0-0: Ball 1-0: Called Strike 1-1: Foul Ball, location: 2F 1-2: Strikes out swinging
|
|
Batting: SHB Ross Holland
|
0-0: Ball 1-0: Called Strike 1-1: Foul Ball, location: 2F 1-2: Strikes out swinging
|
|
Batting: RHB Dan Friess
|
0-0: SINGLE (Flyball, 56D, EV 89.4 MPH)
|
|
Batting: LHB Morgan Black
|
0-0: Called Strike 0-1: Called Strike 0-2: Strikes out swinging
|
| Bottom of the 9th over - 0 runs, 1 hit, 0 errors, 1 left on base; California 6 - Detroit 1 |
|